 Dungeon Crawl Stone Soup version 0.14.1 (webtiles) character file.

2588 Heini the Basher (level 9, 17/81 HPs)
             Began as a Minotaur Fighter on Apr 29, 2014.
             Quit the game on Level 7 of the Dungeon.
             The game lasted 00:16:09 (5933 turns).

Heini the Basher (Minotaur Fighter)                 Turns: 5933, Time: 00:16:09

HP  17/81        AC 12     Str 25      XL: 9   Next: 16%
MP   5/5         EV  7     Int  5      God:
Gold 320         SH 19     Dex  9      Spells:  0 memorised,  8 levels left

rFire  . . .     SeeInvis .     I - +2,+1 flail
rCold  . . .     Clarity  .     b - +0 scale mail
rNeg   . . .     Conserve .     c - +0 shield
rPois  .         rCorr    .     (helmet restricted)
rElec  .         rRot     .     (no cloak)
SustAb . .       Spirit   .     F - +0 pair of gloves
rMut   .         Warding  .     B - +1 pair of boots
Saprov . . .     Stasis   .     H - amulet of rage
MR     .....                    (no ring)
                                (no ring)

@: not resistant to hostile enchantments, extremely unstealthy
A: retaliatory headbutt, horns 2
a: Evoke Berserk Rage


You were on level 7 of the Dungeon.
You were not hungry.

You visited 2 branches of the dungeon, and saw 8 of its levels.

You collected 320 gold pieces.

Inventory:

Hand weapons
 I - a +2,+1 flail (weapon)
Missiles
 t - 31 stones (quivered)
Armour
 b - a +0 scale mail (worn)
 c - a +0 shield (worn)
 B - a +1 pair of boots (worn)
 F - a +0 pair of gloves (worn)
Magical devices
 k - a wand of magic darts (12)
 l - a wand of digging (9)
 v - a wand of magic darts (24)
 w - a wand of polymorph (7)
 y - a wand of teleportation (3)
 L - a wand of enslavement (11) {unknown}
Comestibles
 d - 4 bread rations
 g - 2 meat rations
 r - 8 sultanas
 s - 2 chokos
 u - 28 strawberries
 z - 2 apples
 C - 2 rotting chunks of orc flesh
 O - a pear
Scrolls
 f - 2 scrolls of amnesia
 h - 5 scrolls of teleportation
 n - 3 scrolls of remove curse
 G - a scroll of identify
 J - a scroll of fear {unknown}
Jewellery
 i - an uncursed ring of invisibility
 x - an uncursed ring of sustenance {unknown}
 H - an amulet of rage (around neck)
 K - an uncursed ring of positive energy {unknown}
Potions
 a - 4 potions of haste {unknown}
 e - a potion of might
 j - 2 potions of agility
 m - 2 potions of curing
 o - a potion of restore abilities
 p - a potion of heal wounds {unknown}
 A - a potion of invisibility
 D - 2 potions of lignification {unknown}
Books
 N - a book of Minor Magic

   Spells                             Type                      Level
   Magic Dart                         Conjuration                  1
   Blink                              Translocation                2
   Call Imp                           Summoning                    2
   Repel Missiles                     Charms/Air                   2
   Slow                               Hexes                        2
   Conjure Flame                      Conjuration/Fire             3
   Mephitic Cloud                     Conjuration/Poison/Air       3


   Skills:
 * Level 8.2 Fighting
 * Level 9.7 Maces & Flails
 * Level 9.0 Armour
 - Level 3.6 Shields
 + Level 1.1 Evocations


You had 8 spell levels left.
You didn't know any spells.

Dungeon Overview and Level Annotations

Branches:
Dungeon (7/15)             Temple (1/1) D:7

Altars:
Ashenzari
Cheibriados
Dithmenos
Elyvilon
Fedhas
Makhleb
Nemelex Xobeh
Vehumet
Xom
Yredelemnul
Zin
The Shining One
Lugonu

Annotations:
D:3 Sigmund


Innate Abilities, Weirdness & Mutations

You reflexively headbutt those who attack you in melee.
You have a pair of horns on your head.


Message History

The orc priest hits you but does no damage.
You barely miss the orc priest.
The orc priest is almost dead.
The orc priest completely misses you.
You closely miss the orc priest. You headbutt the orc priest.
You kill the orc priest!
You hear a splash. x2
Things that are here:
a trident; a chain mail; an orc corpse
Things that are here:
a trident; a chain mail; an orc corpse You are starting to lose your buoyancy.
There is an open door here.
You float gracefully downwards.
As you open the door, it creaks loudly!
Found a stone staircase leading up.
There is an open door here.
Done exploring.
Done exploring.
Are you sure you want to abandon this character and quit the game? (Confirm with "yes".)

#.#
#.........#
#.#
#.........'
#.#
#.........#
##.#
#.........#
#..#
#.........#
#.##
###########
#.# #.#
####'## #.#
#....@# #'##
#....<# #...
#.....# #...
#.....# #...
#.....# #...
#.....#
#########...
#######
#.'.........
###.........
##########


There were no monsters in sight!

Vanquished Creatures
  The ghost of Heini the Cleaver, an experienced HOFi of Okawaru (D:7)
  Eustachio (D:7)
  Edmund (D:4)
  An orc warrior (D:7)
  An ice beast (D:4)
  A sky beast (D:5)
  A centaur (D:7)
  3 giant frogs
  A scorpion (D:7)
  A killer bee (D:6)
  A goliath beetle (D:7)
  A crimson imp (D:6)
  2 hounds (D:6)
  A centaur zombie (D:7)
  A jelly (D:5)
  An iguana (D:6)
  4 orc priests
  An orc wizard (D:4)
  5 worker ants
  Ijyb (D:2)
  A big kobold skeleton (D:6)
  A big fish zombie (D:2)
  7 gnolls
  7 adders
  A green rat (D:7)
  An inept feature mimic (D:7)
  A giant mite (D:5)
  3 shadow imps
  2 ufetubi (D:7)
  4 orc zombies (D:6)
  2 giant eyeballs
  4 giant geckos
  13 orcs
  5 giant cockroaches
  12 hobgoblins
  2 jackals (D:3)
  3 ball pythons
  12 bats
  8 giant newts
  13 goblins
  A goblin skeleton (D:4)
  9 kobolds
  A kobold skeleton (D:6)
  2 orc skeletons
  5 quokkas
  11 rats
161 creatures vanquished.

Notes
Turn   | Place    | Note
--------------------------------------------------------------
     0 | D:1      | Heini, the Minotaur Fighter, began the quest for the Orb.
     0 | D:1      | Reached XP level 1. HP: 19/19 MP: 1/1
   187 | D:1      | Reached XP level 2. HP: 27/27 MP: 1/1
   193 | D:1      | Reached skill level 4 in Armour
   708 | D:2      | Found a blossoming altar of Fedhas.
  1097 | D:2      | Reached XP level 3. HP: 29/34 MP: 2/2
  1214 | D:2      | Found a basalt altar of Yredelemnul.
  1235 | D:2      | Noticed Ijyb
  1245 | D:2      | Killed Ijyb
  1729 | D:2      | Reached XP level 4. HP: 33/41 MP: 2/2
  1975 | D:3      | Reached skill level 5 in Armour
  2229 | D:3      | Reached XP level 5. HP: 38/47 MP: 2/2
  2340 | D:3      | Noticed Sigmund
  2399 | D:4      | Found a glowing golden altar of the Shining One.
  2429 | D:4      | Found a snail-covered altar of Cheibriados.
  2491 | D:4      | Reached skill level 5 in Fighting
  2665 | D:4      | Noticed Edmund
  2678 | D:4      | Killed Edmund
  2678 | D:4      | Reached skill level 6 in Armour
  2678 | D:4      | Reached XP level 6. HP: 5/56 MP: 3/3
  3015 | D:4      | Noticed an ice beast
  3026 | D:4      | Killed an ice beast
  3026 | D:4      | Reached skill level 5 in Maces & Flails
  3463 | D:5      | Entered Level 5 of the Dungeon
  3541 | D:5      | Reached skill level 7 in Armour
  3589 | D:5      | Reached XP level 7. HP: 57/61 MP: 3/3
  3629 | D:5      | Paralysed by a giant eyeball for 4 turns
  3637 | D:5      | Paralysed by a giant eyeball for 2 turns
  3799 | D:5      | Found a shimmering altar of Xom.
  4664 | D:6      | Reached skill level 8 in Armour
  4668 | D:6      | Reached XP level 8. HP: 67/71 MP: 3/3
  4908 | D:6      | Found a sparkling altar of Nemelex Xobeh.
  5118 | D:7      | Noticed Heini's ghost (experienced HOFi)
  5135 | D:7      | Killed Heini's ghost
  5135 | D:7      | Reached skill level 9 in Maces & Flails
  5327 | D:7      | Found a staircase to the Ecumenical Temple.
  5355 | D:7      | Noticed Eustachio
  5390 | D:7      | Killed Eustachio
  5390 | D:7      | Reached skill level 1 in Evocations
  5390 | D:7      | Reached XP level 9. HP: 59/81 MP: 5/5
  5488 | D:7      | Paralysed by a giant eyeball for 4 turns
  5654 | Temple   | Entered the Ecumenical Temple
  5933 | D:7      | Quit the game

Action                   |  1- 3 |  4- 6 |  7- 9 || total
-------------------------+-------+-------+-------++-------
Melee: Flail             |    91 |   153 |   308 ||   552
Evoke: Wand              |       |     1 |     2 ||     3
  Use: Scroll            |     2 |     1 |    10 ||    13
       Potion            |       |     1 |     2 ||     3
